 Dungeon Crawl Stone Soup version 0.25.1-8-g42b30a86e7 (webtiles) character file.

Game seed: 16898035766186450938

315 Away the Skirmisher (level 6, -1/56 HPs)
             Began as a Minotaur Fighter on Dec 9, 2020.
             Slain by an orc priest
             ... wielding a +0 club
              (2 damage)
             ... on level 3 of the Dungeon.
             The game lasted 00:30:19 (3347 turns).

Away the Skirmisher (Minotaur Fighter)              Turns: 3347, Time: 00:30:22

Health: -1/56      AC: 15    Str: 22    XL:     6   Next: 19%
Magic:  5/5        EV:  4    Int:  5    God:
Gold:   212        SH: 10    Dex: 10    Spells: 5/5 levels left

rFire    . . .     SeeInvis .   a - +0 war axe
rCold    . . .     Gourm    .   c - +0 kite shield
rNeg     . . .     Faith    .   l - +0 plate armour
rPois    .         Spirit   .   (helmet restricted)
rElec    .         Reflect  .   (no cloak)
rCorr    .         Harm     .   (no gloves)
MR       .....                  (no boots)
Stlth    ..........             (no amulet)
HPRegen  0.18/turn              (no ring)
MPRegen  0.09/turn              (no ring)

@: no status effects
A: retaliatory headbutt, horns 2, thin metallic scales 1, camouflage 1, shaggy
fur 1
a: no special abilities


You were on level 3 of the Dungeon.
You were not hungry.

You visited 1 branch of the dungeon, and saw 3 of its levels.
You also visited: Sewer.

You collected 212 gold pieces.

Inventory:

Hand Weapons
 a - a +0 war axe (weapon)
 o - a +0 halberd
Missiles
 e - 57 stones (quivered)
 q - 10 poisoned darts
Armour
 b - a +0 scale mail
 c - a +0 kite shield (worn)
 l - a +0 plate armour (worn)
 u - a +0 tower shield
Scrolls
 h - a scroll of fog {unknown}
 i - 2 scrolls of teleportation
 k - a scroll of identify
 n - a scroll of remove curse {unknown}
 r - 2 scrolls of magic mapping {unknown}
Potions
 d - 6 potions of might
 g - a potion of curing
 j - a potion of resistance {unknown}
 m - 2 potions of magic {unknown}
 p - a potion of invisibility
 s - a potion of heal wounds {unknown}
 t - 2 potions of brilliance
 w - a potion of ambrosia {unknown}
Comestibles
 f - 5 rations
 v - 7 chunks of flesh


   Skills:
 + Level 5.0 Fighting
 + Level 4.0 Axes
 + Level 2.4 Throwing
 + Level 4.9 Armour
 - Level 0.9 Dodging
 + Level 4.9 Shields


You had 5 spell levels left.
You didn't know any spells.
Your spell library was empty.

Dungeon Overview and Level Annotations

Branches:
Dungeon (3/15)              Sewer (visited)

Altars:
Fedhas


Innate Abilities, Weirdness & Mutations

You reflexively headbutt those who attack you in melee.
You have a pair of horns on your head.
You are partially covered in thin metallic scales. (AC +2)
Your skin changes colour to match your surroundings (Stealth+).
You are covered in fur. (AC +1)


Message History

The orc priest calls down the wrath of Beogh upon you.
Beogh smites you!
You slash the orc!
You kill the orc!
The orc priest invokes the aid of Beogh against you.
Beogh smites you!
* * * LOW HITPOINT WARNING * * *
The orc priest hits you but does no damage.
You see here 5 boomerangs.
You hit the orc priest. Your headbutt misses the orc priest.
The orc priest is heavily wounded.
The orc priest miscasts a cantrip.
Your shield and plate armour prevent you from hitting the orc priest.
Your headbutt misses the orc priest.
The orc priest is heavily wounded.
The orc priest invokes the aid of Beogh against you.
Beogh smites you!
* * * LOW HITPOINT WARNING * * *
The orc priest hits you with a +0 club.
You die...

##........)......#
#.########.....##
#.# #...### #.#
##..# ##.# #..#
#..# #..#### #.##
#...... #.#
#..#### #@# #..#
#o# ########..#
#o# ..........####
#l# .#######......


.oo #.....# ... #####.# ... #.# ..... #.# #.. You could see 2 orc priests, 2
orcs and a frilled lizard.

Vanquished Creatures
  Jessica (D:3)
  Natasha (thrice) (D:3)
  4 gnolls (D:2)
  7 adders
  4 river rats
  2 oozes (Sewer)
  A worm (D:2)
  2 orcs (D:3)
  6 ball pythons
  4 bats
  5 giant cockroaches
  3 goblins (D:1)
  4 hobgoblins
  7 jackals
  10 kobolds
  4 frilled lizards
  10 rats
77 creatures vanquished.

Notes
Turn   | Place    | Note
-------+----------+-------------------------------------------
     0 | D:1      | Away the Minotaur Fighter began the quest for the Orb.
     0 | D:1      | Reached XP level 1. HP: 19/19 MP: 0/0
     2 | D:1      | Gained mutation: You are covered in fur. (AC +1) [potion of
                  | mutation]
     2 | D:1      | Gained mutation: Your skin changes colour to match your
                  | surroundings (Stealth+). [potion of mutation]
     2 | D:1      | Gained mutation: You are partially covered in thin metallic
                  | scales. (AC +2) [potion of mutation]
   297 | D:2      | Reached XP level 2. HP: 27/27 MP: 1/1
  1522 | D:2      | Reached skill level 4 in Fighting
  1599 | D:2      | Reached XP level 3. HP: 33/33 MP: 2/2
  1833 | D:2      | Reached skill level 1 in Throwing
  1846 | D:2      | Reached XP level 4. HP: 24/40 MP: 3/3
  2130 | D:3      | Found a glowing drain.
  2139 | D:3      | Noticed Jessica
  2144 | D:3      | Killed Jessica
  2174 | Sewer    | Entered a sewer
  2197 | Sewer    | Reached XP level 5. HP: 43/47 MP: 4/4
  2863 | D:3      | Noticed Natasha
  2869 | D:3      | Killed Natasha
  3139 | D:3      | Noticed Natasha
  3147 | D:3      | Killed Natasha
  3147 | D:3      | Reached XP level 6. HP: 54/55 MP: 5/5
  3155 | D:3      | Noticed Natasha
  3162 | D:3      | Killed Natasha
  3162 | D:3      | Reached skill level 5 in Fighting
  3306 | D:3      | Found a blossoming altar of Fedhas.
  3347 | D:3      | HP: 1/56 [orc priest/divine providence (14)]
  3347 | D:3      | Slain by an orc priest

Illustrated notes

Levels and vault maps discovered:
D:1:      dpeg_arrival_pond, layout_basic, minmay_misc_feat_tiny
D:2:      layout_basic, first_ration
D:3:      layout_loops_ring, portal_sewer_entry_a, minmay_crystal_water,
          fedhas_altar_fruit_tree, uniq_jessica, uniq_robin, uniq_natasha

Skill      XL: |  1  2  3  4  5  6 |
---------------+-------------------+-----
Fighting       | 4 5 |  5.0
Throwing       | 1 2 |  2.4
Armour         | 4 |  4.9
Axes           | 3 4 |  4.0
Shields        | 4 |  4.9
Dodging        | |  0.9

Action                   |  1- 3 |  4- 6 || total
-------------------------+-------+-------++-------
Melee: War axe           |    56 |   124 ||   180
       Headbutt          |     8 |    22 ||    30
Throw: Stone             |    52 |    52 ||   104
  Use: Potion            |     2 |       ||     2
       Scroll            |     1 |     1 ||     2
  Eat: Chunk             |     3 |     2 ||     5
       Ration            |       |     1 ||     1
Armor: Scale mail        |    16 |       ||    16
       Plate armour      |    13 |    69 ||    82
Dodge: Dodged            |    18 |    23 ||    41
Block: Kite shield       |    18 |    67 ||    85
